 Dungeon Crawl Stone Soup version 0.26-a0-610-g3e9335b (webtiles) character file.

Game seed: 17781843682435561808

1707 MrTaco21 the Basher (level 9, -7/51 HPs)
             Began as a Gargoyle Fighter on Sept 4, 2020.
             Mangled by an orc warrior
             ... wielding a cursed +0 hand axe
              (10 damage)
             ... on level 6 of the Dungeon.
             The game lasted 00:10:44 (6729 turns).

MrTaco21 the Basher (Gargoyle Fighter)              Turns: 6729, Time: 00:10:45

Health: -7/51      AC: 12    Str: 23    XL:     9   Next: 3%
Magic:  18/18      EV: 12    Int:  9    God:
Gold:   324        SH:  9    Dex:  9    Spells: 8/8 levels left

rFire    . . .     SeeInvis .   o - +3 whip
rCold    . . .     Faith    .   c - +0 kite shield
rNeg     + . .     Spirit   .   A - +2 robe "Vifurghe" {+Fly MP+9 Stlth-}
rPois    ∞         Reflect  .   x - +0 helmet
rElec    +         Harm     .   (no cloak)
rCorr    +                      (no gloves)
MR       .....                  y - +0 pair of boots
Stlth    ..........             (no amulet)
HPRegen  0.17/turn              m - +4 ring of evasion
MPRegen  0.16/turn              u - ring of resist corrosion

@: no status effects
A: negative energy resistance 1, electricity resistance, unbreathing,
petrification resistance, rot immunity, AC +6
a: Evoke Flight


You were on level 6 of the Dungeon.
You visited 2 branches of the dungeon, and saw 8 of its levels.

You collected 324 gold pieces.

Inventory:

Hand Weapons
 o - a +3 whip (weapon)
   (You found it on level 2 of the Dungeon)
Missiles
 C - 15 poisoned darts (quivered)
 D - a throwing net {!f}
Armour
 c - a +0 kite shield (worn)
 r - the cursed +1 robe of Masochism {rC+ MR+ MP+9 Stlth-}
   (You found it on level 6 of the Dungeon)

   It protects you from cold.
   It affects your resistance to hostile enchantments.
   It affects your magic capacity (+9).
   It makes you less stealthy.
   It has a curse placed upon it.
 x - a +0 helmet (worn)
   (You found it on level 4 of the Dungeon)
 y - a +0 pair of boots (worn)
   (You found it on level 5 of the Dungeon)
 A - the +2 robe "Vifurghe" (worn) {+Fly MP+9 Stlth-}
   (You found it on level 5 of the Dungeon)

   It affects your magic capacity (+9).
   It lets you fly.
   It makes you less stealthy.
Jewellery
 m - a +4 ring of evasion (left hand)
   (You found it on level 2 of the Dungeon)
 u - a ring of resist corrosion (right hand)
   (You found it on level 3 of the Dungeon)
Scrolls
 e - 3 scrolls of remove curse {@r2}
 f - a scroll of enchant weapon {unknown}
 g - 4 scrolls of teleportation {@r4}
 j - a scroll of fear {unknown}
 l - 2 scrolls of identify {@r1}
 n - 3 scrolls of blinking
 w - a scroll of fog {unknown}
 z - a scroll of amnesia {unknown}
 B - a scroll of enchant armour {unknown}
Potions
 a - 2 potions of resistance {unknown}
 b - a potion of berserk rage {unknown}
 d - a potion of might
 h - 5 potions of heal wounds {unknown}
 i - 2 potions of invisibility {unknown}
 k - a potion of lignification {unknown}
 p - a potion of magic {unknown}
 q - 3 potions of curing {unknown}
 s - 2 potions of degeneration {unknown}
 t - a potion of flight {unknown}
 v - 2 potions of brilliance {unknown}


   Skills:
 - Level 3.2 Fighting
 + Level 11.2 Maces & Flails
 - Level 3.2 Armour
 - Level 3.2 Shields


You had 8 spell levels left.
You didn't know any spells.
Your spell library was empty.

Dungeon Overview and Level Annotations

Branches:
Dungeon (7/15)             Temple (1/1) D:5

Altars:
Ashenzari
Cheibriados
Fedhas
Gozag
Hepliaklqana
Kikubaaqudgha
Makhleb
Nemelex Xobeh
Qazlal
Ru
Trog
Uskayaw
Vehumet
Wu Jian
Xom
Yredelemnul
The Shining One

Annotations:
D:6 Caerwyn's ghost, novice DgCj


Innate Abilities, Weirdness & Mutations

You are resistant to torment.
Your stone body is resilient. (AC +6)
You are immune to poison.
You resist negative energy. (rN+)
You are resistant to electric shocks. (rElec)
You can survive without breathing.
You are immune to petrification.
You are immune to rotting.


Message History

You hit the gnoll sergeant. You block the gnoll's attack.
The gnoll sergeant hits you but does no damage.
You closely miss the gnoll sergeant. You completely miss the gnoll sergeant.
You block the gnoll's attack. The gnoll sergeant barely misses you.
You hit the gnoll sergeant but do no damage.
You hit the gnoll sergeant but do no damage.
You block the gnoll's attack. You block the gnoll sergeant's attack.
You whack the gnoll sergeant! The gnoll completely misses you.
You block the gnoll sergeant's attack.
You hit the gnoll sergeant but do no damage.
You hit the gnoll sergeant. The gnoll barely misses you.
The gnoll sergeant hits you but does no damage.
You whack the gnoll sergeant!
You kill the gnoll sergeant!
You have reached level 9!
Your experience leads to an increase in your attributes!
Increase (S)trength, (I)ntelligence, or (D)exterity?
You feel stronger. The gnoll barely misses you.
You barely miss the orc warrior.
The orc warrior hits you with a cursed +0 hand axe!!
* * * LOW HITPOINT WARNING * * *
The gnoll hits you but does no damage.
Unknown command.
You closely miss the orc warrior.
Unknown command.
You hit the orc warrior but do no damage.
The orc warrior hits you with a cursed +0 hand axe!
* * * LOW HITPOINT WARNING * * *
The gnoll hits you but does no damage.
You hit the orc warrior but do no damage.
Unknown command.
You whack the orc warrior! The orc warrior barely misses you.
The gnoll hits you.
* * * LOW HITPOINT WARNING * * *
You barely miss the orc warrior. You block the gnoll's attack.
You block the orc warrior's attack.
Unknown command.
You barely miss the orc warrior.
Unknown command.
You completely miss the orc warrior. The gnoll hits you!
* * * LOW HITPOINT WARNING * * *
You block the orc warrior's attack.
You hit the orc warrior but do no damage.
You block the gnoll's attack.
Unknown command.
You hit the orc warrior but do no damage.
The orc warrior hits you with a cursed +0 hand axe!
You die...

#...........#.######>###.#
#...##....).#.#[.....# #.#
######.....##.#....### #.#
######..#####.####.# #.#
........# #.# #.# #.#
#.......# #.# #.# #.#
#.####### #.# #.# #.# #†#
#.####.#####.# #.######
#..o@g.......# .......#
######..###### #.####.#
##.# ..###..### #.#
.........# #.# ###.####.#
#.# #.....##.# #.#
.......#.# #.# .......#.#
#.#


You could see an orc warrior and a gnoll.

Vanquished Creatures
  2 ice beasts
  An ogre (D:4)
  A sky beast (D:5)
  3 phantoms
  2 centaurs (D:6)
  A bullfrog (D:6)
  2 gnoll sergeants (D:6)
  A scorpion (D:4)
  2 orc priests
  A gnoll shaman (D:6)
  An iron imp (D:5)
  An orc wizard (D:6)
  3 iguanas
  Natasha (D:4)
  3 worker ants
  14 gnolls
  9 adders
  2 oozes (D:3)
  2 ufetubi
  2 adder zombies
  A worm (D:2)
  2 dart slugs (D:2)
  3 leopard geckos
  21 orcs
  6 bats
  5 giant cockroaches
  4 goblins
  7 hobgoblins
  11 jackals
  3 quokkas
  A ball python (D:2)
  3 frilled lizards
  4 hobgoblin zombies (D:5)
  2 kobolds
  2 kobold skeletons (D:5)
  A kobold zombie (D:5)
  An orc skeleton (D:5)
  A quokka skeleton (D:4)
  6 rats
138 creatures vanquished.

Vanquished Creatures (others)
  6 plants (D:6)
6 creatures vanquished.

Grand Total: 144 creatures vanquished

Notes
Turn   | Place    | Note
-------+----------+-------------------------------------------
     0 | D:1      | MrTaco21 the Gargoyle Fighter began the quest for the Orb.
     0 | D:1      | Reached XP level 1. HP: 14/14 MP: 1/1
   359 | D:1      | Reached XP level 2. HP: 19/19 MP: 2/2
   618 | D:1      | Reached skill level 3 in Maces & Flails
   847 | D:2      | Reached XP level 3. HP: 23/23 MP: 3/3
  1027 | D:2      | Found a sacrificial altar of Ru.
  1038 | D:2      | Reached skill level 4 in Maces & Flails
  1044 | D:2      | Reached XP level 4. HP: 21/28 MP: 4/4
  1228 | D:2      | Found a shattered altar of Ashenzari.
  1543 | D:3      | Found a bloodstained altar of Trog.
  1719 | D:3      | Reached skill level 5 in Maces & Flails
  1719 | D:3      | Reached XP level 5. HP: 25/32 MP: 5/5
  2202 | D:4      | Noticed a phantom
  2227 | D:4      | Killed a phantom
  2227 | D:4      | Reached skill level 6 in Maces & Flails
  2227 | D:4      | Reached XP level 6. HP: 37/37 MP: 6/6
  2529 | D:4      | Reached skill level 7 in Maces & Flails
  2693 | D:4      | Reached XP level 7. HP: 41/41 MP: 7/7
  2783 | D:4      | Noticed Natasha
  2799 | D:4      | Killed Natasha
  3327 | D:5      | Entered Level 5 of the Dungeon
  3346 | D:5      | Reached skill level 8 in Maces & Flails
  3752 | D:5      | Got a transparent robe
  3763 | D:5      | Found a staircase to the Ecumenical Temple.
  3789 | Temple   | Entered the Ecumenical Temple
  3903 | Temple   | Identified the +2 robe "Vifurghe" {+Fly MP+9 Stlth-} (You
                  | found it on level 5 of the Dungeon)
  3986 | D:5      | Reached skill level 9 in Maces & Flails
  4003 | D:5      | Found a glowing golden altar of the Shining One.
  4014 | D:5      | Reached XP level 8. HP: 39/46 MP: 8/8
  4309 | D:5      | Found a snail-covered altar of Cheibriados.
  5223 | D:6      | Found a blossoming altar of Fedhas.
  5258 | D:6      | Reached skill level 10 in Maces & Flails
  5319 | D:6      | Found a burning altar of Makhleb.
  5320 | D:6      | Got a silken robe
  5321 | D:6      | Identified the cursed +1 robe of Masochism {rC+ MR+ MP+9
                  | Stlth-} (You found it on level 6 of the Dungeon)
  5446 | D:6      | Found a shimmering altar of Xom.
  5447 | D:6      | Found a hazy altar of Hepliaklqana.
  5448 | D:6      | Noticed a spectral ugly thing
  5471 | D:6      | Found a transporter.
  5480 | D:6      | Noticed Caerwyn's ghost (novice DgCj)
  5736 | D:6      | Found a transporter.
  6478 | D:7      | Reached skill level 11 in Maces & Flails
  6719 | D:6      | Reached XP level 9. HP: 40/51 MP: 9/9
  6729 | D:6      | Mangled by an orc warrior

Illustrated notes

Levels and vault maps discovered:
D:1:      evilmike_arrival_hilbert_curve, layout_loops_ring,
          grunt_decor_one_mirror
D:2:      layout_rooms, nicolae_ashenzari_panopticon, nicolae_ru_awakened_eye
D:3:      layout_basic, bloody_trog, chequers_hall_statues_y, st_stairs_8
D:4:      layout_loops_ring, uniq_natasha
D:5:      layout_basic, nicolae_tso_besieged_by_evil, kennysheep_mini,
          minmay_temple_entry_glassed_door
D:6:      layout_loops_ring, overflow_temple_1_default, old_standard_altar,
          regret_index_temple_of_mockery, gammafunk_ghost_gnarly_gnolls,
          corexii_shack
D:7:      layout_cave_pools, nemelex_diamond_rough_becter
Temple:   dpeg_three_leaves_temple

Skill      XL: |  1  2  3  4  5  6  7  8 |
---------------+-------------------------+-----
Maces & Flails | 3 4 5 6 7 9 11 | 11.2
Fighting       | |  3.2
Armour         | |  3.2
Shields        | |  3.2

Action                   |  1- 3 |  4- 6 |  7- 9 || total
-------------------------+-------+-------+-------++-------
Melee: Flail             |    97 |    21 |       ||   118
       Whip              |       |   163 |   435 ||   598
  Use: Scroll            |       |       |     5 ||     5
Armor: Scale mail        |    57 |    10 |       ||    67
       Ring mail         |       |    30 |    20 ||    50
       Robe              |       |       |    97 ||    97
Dodge: Dodged            |    37 |    73 |   169 ||   279
Block: Kite shield       |    67 |    59 |   168 ||   294

Table legend: (Time is in decaauts)
 A = Elapsed time spent in this place.
 B = Non-inter-level travel time spent in this place.
 C = Inter-level travel time spent in this place.
 D = Time resting spent in this place.
 E = Time spent auto-exploring this place.
 F = Levels seen in this place.
 G = Mean time per level.
                   A        B        C        D        E       F      G
               +--------+--------+--------+--------+--------+-----+--------+
         Total |   6626 |   6391 |    235 |    962 |   4216 |   8 |  828.2 |
       Dungeon |   6481 |   6246 |    235 |    962 |   4106 |   7 |  925.9 |
        Temple |    144 |    144 |      0 |      0 |    110 |   1 |  144.0 |
               +--------+--------+--------+--------+--------+-----+--------+

Top non-repeatable levels by time:
     D:6: 1731 daAuts
     D:5: 1150 daAuts
     D:4: 1113 daAuts
     D:2: 800 daAuts
     D:1: 768 daAuts
     D:3: 651 daAuts
     D:7: 266 daAuts
  Temple: 144 daAuts
